 Dungeon Crawl Stone Soup version 0.27-a0-1136-g0b992a5a9d (webtiles) character file.

Game seed: 890086976006080261

1278 flotson the Covert (level 8, -4/67 HPs)
             Began as a Gnoll Delver on May 6, 2021.
             Slain by a steam dragon (6 damage)
             ... on level 6 of the Dungeon.
             The game lasted 00:13:00 (5271 turns).

flotson the Covert (Gnoll Delver)                   Turns: 5271, Time: 00:13:02

Health: -4/67      AC:  8    Str: 14    XL:     8   Next: 54%
Magic:  13/13      EV: 11    Int:  9    God:
Gold:   215        SH:  5    Dex: 16    Spells: 13/13 levels left

rFire    . . .     SeeInvis .   l - +2 club (spect)
rCold    + . .     Faith    .   g - +0 buckler
rNeg     + . .     Spirit   .   h - +0 scale mail
rPois    .         Reflect  .   (helmet restricted)
rElec    .         Harm     .   (no cloak)
rCorr    .         Rampage  .   (no gloves)
Will     .....                  m - +0 pair of boots
Stlth    ++++......             (no amulet)
HPRegen  0.00/turn              t - ring of positive energy
MPRegen  0.13/turn              d - ring of protection from cold

@: no status effects
A: fangs 1, strong nose, distributed training, horns 1, talons 1, thin skeletal
structure 1, inhibited regeneration
a: no special abilities


You were on level 6 of the Dungeon.
You visited 1 branch of the dungeon, and saw 6 of its levels.

You collected 215 gold pieces.

Inventory:

Hand Weapons
 a - a +2 short sword of venom
 b - a +0 hunting sling
 j - a +0 spear
 l - a +2 spectral club (weapon)
 o - a +0 arbalest
Missiles
 i - 73 sling bullets
 k - 12 poisoned darts (quivered)
 n - 3 throwing nets
 s - 3 boomerangs
 y - a stone
Armour
 g - a +0 buckler (worn)
 h - a +0 scale mail (worn)
 m - a +0 pair of boots (worn)
Jewellery
 d - a ring of protection from cold (right hand)
 t - a ring of positive energy (left hand)
Wands
 v - a wand of paralysis (7)
Scrolls
 c - 2 scrolls of fog
 f - 3 scrolls of magic mapping
 p - a scroll of enchant weapon {unknown}
 q - a scroll of summoning {unknown}
 r - 2 scrolls of enchant armour
 w - a scroll of fear
Potions
 e - a potion of lignification
 u - a potion of flight
 x - 2 potions of heal wounds
 z - 2 potions of curing


   Skills:
 + Level 7.4 Fighting
 + Level 3.3 Short Blades
 + Level 3.3 Long Blades
 + Level 3.3 Axes
 + Level 3.3 Maces & Flails
 + Level 5.7 Polearms
 + Level 3.3 Staves
 + Level 3.3 Slings
 + Level 3.3 Bows
 + Level 3.3 Crossbows
 + Level 3.3 Throwing
 + Level 3.3 Armour
 + Level 5.7 Dodging
 + Level 10.1 Stealth
 + Level 3.3 Shields
 + Level 3.3 Unarmed Combat
 + Level 3.3 Spellcasting
 + Level 2.7 Conjurations
 + Level 2.7 Hexes
 + Level 2.7 Summonings
 + Level 2.7 Necromancy
 + Level 2.7 Translocations
 + Level 2.7 Transmutations
 + Level 2.7 Fire Magic
 + Level 2.7 Ice Magic
 + Level 2.7 Air Magic
 + Level 2.7 Earth Magic
 + Level 2.7 Poison Magic
 + Level 3.7 Invocations
 + Level 3.3 Evocations


You had 13 spell levels left.
You didn't know any spells.
Your spell library contained the following spells:

 Spells                   Type           Power      Damage    Failure   Level
 Gell's Gravitas          Tloc           3%         N/A       77%         3
 Portal Projectile        Hex/Tloc       12%        N/A       77%         3
 Passage of Golubria      Tloc           N/A        N/A       99%         4
 Manifold Assault         Tloc           6%         N/A       100%        5
 Dispersal                Tloc           3%         N/A       100%        6
 Disjunction              Tloc           3%         N/A       100%        8


Dungeon Overview and Level Annotations

Branches:
Dungeon (6/15)
 Temple: D:4-7

Altars:
Dithmenos
Gozag
Makhleb
Vehumet
Xom
The Shining One

Shops:
D:4 [


Innate Abilities, Weirdness & Mutations

You have very sharp teeth.
Your uncanny sense of smell can sniff out nearby items.
Your experience applies equally to all skills.
You have a pair of small horns on your head.
You have sharp toenails.
You have a somewhat thin skeletal structure. (Dex +2, Stealth+)
You do not regenerate when monsters are visible.


Message History

The steam dragon misses your spectral weapon.
The steam dragon claws your spectral weapon.
Your spectral weapon shares its damage with you!
You hit the steam dragon.
You bite the steam dragon, but do no damage.
The steam dragon is severely wounded.
Your spectral weapon hits the steam dragon.
The steam dragon barely misses you.
The steam dragon claws you but does no damage.
You hit the steam dragon but do no damage.
The steam dragon is severely wounded.
Your spectral weapon completely misses the steam dragon.
The steam dragon breathes steam at you. The ball of steam hits you!
You completely miss the steam dragon. Your bite misses the steam dragon.
The steam dragon is severely wounded.
Your spectral weapon hits the steam dragon.
You are engulfed in a cloud of scalding steam.
* * * LOW HITPOINT WARNING * * *
The steam dragon breathes steam at your spectral weapon.
The ball of steam hits your spectral weapon.
Your spectral weapon resists.
Your spectral weapon shares its damage with you!
* * * LOW HITPOINT WARNING * * *
You closely miss the steam dragon.
You headbutt the steam dragon, but do no damage.
You bite the steam dragon, but do no damage.
The steam dragon is severely wounded.
Your spectral weapon hits the steam dragon.
The steam dragon bites you!
* * * LOW HITPOINT WARNING * * *
You block the steam dragon's attack.
You hit the steam dragon but do no damage.
Your bite misses the steam dragon.
The steam dragon is almost dead.
Your spectral weapon hits the steam dragon but does no damage.
The steam dragon bites you.
* * * LOW HITPOINT WARNING * * *
The steam dragon closely misses you. The steam dragon bites you.
You die...

.. .#....#
...##.##.#....#
..#...#.#....# ..._
.......# # #.. #......#
#.##§##......# ..
#..#.....§......# ...
#..####..§......#
...##+#.......@.......#
#.........#.§D.#.....#
#.........#..(.#.....#
#.........#§...#....<#
#.........#....#.....#
#.........######.....#
####....................#
#..####'#...............#
#..<....#...............+


You could see a steam dragon (catching breath, ally target) and a friendly +2
spectral club (summoned).

Vanquished Creatures
  Sigmund (D:2)
  A necrophage (D:6)
  3 sky beasts
  A centaur (D:4)
  A phantom (D:4)
  A bullfrog (D:3)
  3 water moccasin skeletons (D:5)
  A centaur zombie (D:5)
  A crimson imp (D:4)
  A centaur skeleton (D:5)
  A jelly (D:5)
  Jessica (D:3)
  An iguana (D:5)
  Terence (D:1)
  4 gnolls
  7 adders
  A worm (D:2)
  2 dart slugs
  11 orcs
  8 ball pythons
  7 bats
  9 endoplasms
  A giant cockroach (D:1)
  6 goblins
  4 hobgoblins
  2 jackals (D:1)
  8 kobolds
  A quokka (D:2)
  3 frilled lizards
  11 rats
103 creatures vanquished.

Notes
Turn   | Place    | Note
-------+----------+-------------------------------------------
     0 | D:5      | Reached skill level 9 in Stealth
     0 | D:5      | flotson the Gnoll Delver began the quest for the Orb.
     0 | D:5      | Reached XP level 1. HP: 23/23 MP: 1/1
    32 | D:5      | Noticed a jelly
    95 | D:4      | Found a glowing golden altar of the Shining One.
   216 | D:5      | Reached skill level 1 in Invocations
   216 | D:5      | Reached XP level 2. HP: 12/29 MP: 1/3
   216 | D:5      | Reached XP level 3. HP: 15/35 MP: 1/4
   492 | D:3      | Noticed a phantom
   552 | D:3      | Noticed a bullfrog
   590 | D:3      | Reached skill level 1 in Short Blades
   590 | D:3      | Reached skill level 1 in Long Blades
   590 | D:3      | Reached skill level 1 in Axes
   590 | D:3      | Reached skill level 1 in Maces & Flails
   590 | D:3      | Reached skill level 1 in Staves
   590 | D:3      | Reached skill level 1 in Slings
   590 | D:3      | Reached skill level 1 in Bows
   590 | D:3      | Reached skill level 1 in Crossbows
   590 | D:3      | Reached skill level 1 in Throwing
   590 | D:3      | Reached skill level 1 in Armour
   590 | D:3      | Reached skill level 1 in Shields
   590 | D:3      | Reached skill level 1 in Unarmed Combat
   590 | D:3      | Reached skill level 1 in Spellcasting
   590 | D:3      | Reached skill level 1 in Evocations
   596 | D:3      | Noticed Jessica
   610 | D:3      | Gained mutation: You do not regenerate when monsters are
                  | visible. [potion of mutation]
   610 | D:3      | Gained mutation: You have sharp toenails. [potion of
                  | mutation]
   610 | D:3      | Gained mutation: You have a somewhat thin skeletal
                  | structure. (Dex +2, Stealth+) [potion of mutation]
   610 | D:3      | Gained mutation: You have a pair of small horns on your
                  | head. [potion of mutation]
   616 | D:3      | Killed a bullfrog
   617 | D:3      | Reached skill level 1 in Conjurations
   617 | D:3      | Reached skill level 1 in Hexes
   617 | D:3      | Reached skill level 1 in Summonings
   617 | D:3      | Reached skill level 1 in Necromancy
   617 | D:3      | Reached skill level 1 in Translocations
   617 | D:3      | Reached skill level 1 in Transmutations
   617 | D:3      | Reached skill level 1 in Fire Magic
   617 | D:3      | Reached skill level 1 in Ice Magic
   617 | D:3      | Reached skill level 1 in Air Magic
   617 | D:3      | Reached skill level 1 in Earth Magic
   617 | D:3      | Reached skill level 1 in Poison Magic
   617 | D:3      | Reached XP level 4. HP: 2/41 MP: 5/5
  1045 | D:3      | Found a faded altar of an unknown god.
  1168 | D:3      | Reached XP level 5. HP: 47/47 MP: 6/6
  1543 | D:2      | Noticed Terence
  1550 | D:2      | Noticed Sigmund
  2706 | D:1      | Killed Terence
  3156 | D:2      | Killed Sigmund
  3157 | D:2      | Reached skill level 5 in Polearms
  3157 | D:2      | Reached skill level 5 in Dodging
  3157 | D:2      | Reached XP level 6. HP: 52/53 MP: 7/9
  3758 | D:3      | Killed Jessica
  3759 | D:3      | Reached XP level 7. HP: 59/59 MP: 10/10
  3841 | D:4      | Found a burning altar of Makhleb.
  3842 | D:4      | Found a radiant altar of Vehumet.
  4077 | D:4      | Found a shadowy altar of Dithmenos.
  4233 | D:4      | Found Divuer's Antique Armour Boutique.
  4721 | D:5      | Reached skill level 10 in Stealth
  4724 | D:5      | Found a shimmering altar of Xom.
  4763 | D:5      | Reached XP level 8. HP: 67/67 MP: 12/12
  5264 | D:6      | Found an opulent altar of Gozag.
  5271 | D:6      | HP: 2/67 [steam dragon (5)]
  5271 | D:6      | Slain by a steam dragon

Illustrated notes

Levels and vault maps discovered:
D:1:      nicolae_arrival_somewhat_less_tricky_arrival, layout_basic
D:2:      layout_rooms, uniq_terence, uniq_sigmund
D:3:      layout_basic, chequers_ecumenical_altar_simple,
          amcnicky_mini_corridor_feature, uniq_jessica
D:4:      layout_gridville, grunt_temple_overflow_lords_of_destruction,
          nicolae_overflow_hidden_temple, lemuel_round_altar, serial_shops,
          kennysheep_mini_moat
D:5:      layout_cave_pools, overflow_temple_1_default
D:6:      layout_gridville, nicolae_overflow_crystal_walls,
          minmay_temple_entry_ruins, uniq_grinder, uniq_pikel

Skill      XL: |  1  2  3  4  5  6  7  8 |
---------------+-------------------------+-----
Stealth        | 10 | 10.1
Invocations    | 1 2 3 |  3.7
Short Blades   | 1 2 3 |  3.3
Long Blades    | 1 2 3 |  3.3
Axes           | 1 2 3 |  3.3
Maces & Flails | 1 2 3 |  3.3
Staves         | 1 2 3 |  3.3
Slings         | 1 2 3 |  3.3
Bows           | 1 2 3 |  3.3
Crossbows      | 1 2 3 |  3.3
Throwing       | 1 2 3 |  3.3
Armour         | 1 2 3 |  3.3
Shields        | 1 2 3 |  3.3
Unarmed Combat | 1 2 3 |  3.3
Spellcasting   | 1 2 3 |  3.3
Evocations     | 1 2 3 |  3.3
Conjurations   | 1 2 |  2.7
Hexes          | 1 2 |  2.7
Summonings     | 1 2 |  2.7
Necromancy     | 1 2 |  2.7
Translocations | 1 2 |  2.7
Transmutations | 1 2 |  2.7
Fire Magic     | 1 2 |  2.7
Ice Magic      | 1 2 |  2.7
Air Magic      | 1 2 |  2.7
Earth Magic    | 1 2 |  2.7
Poison Magic   | 1 2 |  2.7
Polearms       | 5 |  5.7
Dodging        | 5 |  5.7
Fighting       | 7 |  7.4

Action                   |  1- 3 |  4- 6 |  7- 9 || total
-------------------------+-------+-------+-------++-------
Melee: Spear             |    38 |    11 |       ||    49
       Headbutt          |     1 |    24 |    24 ||    49
       Kick              |     1 |    12 |       ||    13
       Bite              |     1 |    15 |    10 ||    26
       Punch             |     1 |       |       ||     1
       Quarterstaff      |       |    77 |       ||    77
       Short sword       |       |    34 |       ||    34
       Club              |       |       |    94 ||    94
 Fire: Hunting sling     |     1 |     8 |       ||     9
Evoke: Wand              |     1 |     2 |       ||     3
  Use: Scroll            |     4 |     3 |     3 ||    10
       Potion            |     4 |     2 |       ||     6
 Stab: Sleeping          |       |    24 |    14 ||    38
       Distracted        |       |     1 |     7 ||     8
Armor: Scale mail        |    19 |    31 |    26 ||    76
Dodge: Dodged            |    27 |    50 |    30 ||   107
Block: Buckler           |       |       |    18 ||    18

Table legend: (Time is in decaauts)
 A = Elapsed time spent in this place.
 B = Non-inter-level travel time spent in this place.
 C = Inter-level travel time spent in this place.
 D = Time resting spent in this place.
 E = Time spent auto-exploring this place.
 F = Levels seen in this place.
 G = Mean time per level.
                   A        B        C        D        E       F      G
               +--------+--------+--------+--------+--------+-----+--------+
         Total |   5290 |   5147 |    143 |   1059 |   2719 |   6 |  881.7 |
       Dungeon |   5290 |   5147 |    143 |   1059 |   2719 |   6 |  881.7 |
               +--------+--------+--------+--------+--------+-----+--------+

Top non-repeatable levels by time:
     D:1: 1596 daAuts
     D:3: 1209 daAuts
     D:4: 989 daAuts
     D:5: 692 daAuts
     D:2: 597 daAuts
     D:6: 206 daAuts
